 Dungeon Crawl Stone Soup version 0.30-a0-1160-g6e42c06551 (webtiles) character file.

Game seed: 5764442949594033036

5242 MacCMillion the Destroyer (level 10, -17/59 HPs)
             Began as a Gargoyle Earth Elementalist on Apr 27, 2023.
             Was a Follower of Vehumet.
             Demolished by a death yak (23 damage)
             ... on level 7 of the Dungeon.
             The game lasted 00:20:35 (10277 turns).

MacCMillion the Destroyer (GrEE)                   Turns: 10277, Time: 00:20:35

Health: -17/59     AC: 14    Str: 11    XL:     10   Next: 62%
Magic:  5/16       EV: 12    Int: 27    God:    Vehumet [*.....]
Gold:   303        SH:  0    Dex: 10    Spells: 8/17 levels left

rFire   . . .        h - +0 sling
rCold   . . .        (no shield)
rNeg    + + +        B - +2 leather armour {Will+}
rPois   ∞            j - +0 helmet
rElec   +            (no cloak)
rCorr   .            (no gloves)
SInv    +            r - +0 pair of boots
Will    +....        (no amulet)
Stlth   ++           o - ring "Umeageni" {+Blink rPois rN++ Int+6 Slay-6}
HPRegen 0.29/turn    w - ring of see invisible
MPRegen 0.15/turn

%: no passive effects
@: no status effects
A: sickness immunity, AC +7, negative energy resistance 1, electricity
resistance, torment resistance 1, petrification resistance
a: Renounce Religion, Evoke Blink


You were on level 7 of the Dungeon.
You worshipped Vehumet.
Vehumet was aware of your devotion.
You visited 2 branches of the dungeon, and saw 9 of its levels.

You collected 303 gold pieces.

Inventory:

Hand Weapons
 d - a +3 dagger of venom
 h - a +0 sling (weapon)
Armour
 j - a +0 helmet (worn)
 r - a +0 pair of boots (worn)
 B - a +2 leather armour of willpower (worn)
Magical Staves
 F - a staff of fire
Jewellery
 l - the amulet of Grontol {Spirit Fly rC+ Int-2 Dex+7}
   (You found it on level 3 of the Dungeon)

   [amulet of guardian spirit]

   It causes incoming damage to be divided between your reserves of health and
   magic.
   Int:       It affects your intelligence (-2).
   Dex:       It affects your dexterity (+7).
   rC:        It protects you from cold.
   Fly:       It grants you flight.
 m - a ring of protection from fire
 o - the ring "Umeageni" (left hand) {+Blink rPois rN++ Int+6 Slay-6}
   (You found it on level 3 of the Dungeon)

   [ring of intelligence]

   Int:       It affects your intelligence (+6).
   Slay:      It affects your accuracy & damage with ranged weapons and melee
   (-6).
   rPois:     It protects you from poison.
   rN:        It greatly protects you from negative energy.
   +Blink:    It lets you blink.
 v - the ring "Jeiss" {rF- rN++ Will+ rCorr Dex+3}
   (You found it on level 5 of the Dungeon)

   [ring of willpower]

   Dex:       It affects your dexterity (+3).
   rF:        It makes you vulnerable to fire.
   rN:        It greatly protects you from negative energy.
   rCorr:     It protects you from acid and corrosion.
   Will:      It increases your willpower.
 w - a ring of see invisible (right hand)
 y - a +6 ring of intelligence
Wands
 a - a wand of polymorph (8)
 k - a wand of roots (5)
 E - a wand of mindburst (12)
Scrolls
 c - a scroll of identify
 e - 2 scrolls of fear
 f - 5 scrolls of teleportation
 g - a scroll of vulnerability
 i - a scroll of noise
 n - a scroll of blinking
 t - a scroll of silence
 z - 2 scrolls of magic mapping
 A - a scroll of torment
 C - a scroll of immolation
Potions
 b - a potion of magic
 p - a potion of berserk rage
 q - a potion of cancellation
 s - 2 potions of curing
 u - a potion of resistance
 x - 2 potions of ambrosia
 D - a potion of lignification


   Skills:
 + Level 5.5 Fighting
 + Level 4.6 Dodging
 - Level 2.1 Stealth
 - Level 4.0 Spellcasting
 * Level 9.6 Conjurations
 - Level 0.7 Transmutations
 + Level 8.0 Fire Magic
 - Level 7.2 Earth Magic


You had 8 spell levels left.
You knew the following spells:

 Your Spells              Type           Power      Damage    Failure   Level
a - Sandblast             Erth           88%        2d18      1%          1
b - Stone Arrow           Conj/Erth      100%       3d13      1%          3
c - Fireball              Conj/Fire      26%        3d12      8%          5

Your spell library contained the following spells:

 Spells                   Type           Power      Damage    Failure   Level
 Kiss of Death            Conj/Necr      100%       2d13      1%          1
 Foxfire                  Conj/Fire      100%       2x1d9     1%          1
 Momentum Strike          Conj/Tloc      62%        3d9       2%          2
 Passwall                 Tmut/Erth      21%        N/A       3%          2
 Blink                    Tloc           10%        N/A       16%         2
 Lesser Beckoning         Tloc           10%        N/A       16%         2
 Petrify                  Tmut/Erth      26%        N/A       21%         4
 Tukima's Dance           Hex            5%         N/A       30%         3
 Starburst                Conj/Fire      26%        6d8       41%         6
 Passage of Golubria      Tloc           5%         N/A       71%         4
 Yara's Violent Unravell  Hex/Tmut       3%         3d4       94%         5
 Plasma Beam              Fire/Air       13%        2x1d27    97%         6


Dungeon Overview and Level Annotations

Branches:
Dungeon (8/15)             Temple (1/1) D:5            Lair (0/5) D:8

Altars:
Ashenzari
Cheibriados
Dithmenos
Elyvilon
Fedhas
Hepliaklqana
Kikubaaqudgha
Makhleb
Nemelex Xobeh
Okawaru
Qazlal
Ru
Sif Muna
Trog
Vehumet
Wu Jian
Xom
Yredelemnul
Zin

Annotations:
D:2 1 runed translucent door, Crazy Yiuf, Sigmund
D:4 2 transporters, Gandelf's ghost, amateur SpCj


Innate Abilities, Weirdness & Mutations

You are immune to sickness and miasma.
Your stone body is resilient. (AC +7)
You are immune to poison.
You resist negative energy. (rN+)
You are resistant to electric shocks. (rElec)
You are resistant to unholy torment.
You are immune to petrification.


Message History

Casting: Sandblast (safe; 1% risk of failure)
Confirm with . or Enter, or press ? or * to list all spells.
Aiming: Stone Arrow (safe; 1% risk of failure)
Press: ? - help, Shift-Dir - straight line, f/p - death yak
Aim: a death yak (lightly wounded, 92% to hit)
The stone arrow hits the death yak!!
The death yak is heavily wounded.
Casting: Stone Arrow (safe; 1% risk of failure)
Confirm with . or Enter, or press ? or * to list all spells.
Aiming: Stone Arrow (safe; 1% risk of failure)
Press: ? - help, Shift-Dir - straight line, f/p - death yak
Aim: a death yak (heavily wounded, 92% to hit)
The stone arrow hits the death yak.
The death yak is heavily wounded.
Casting: Stone Arrow (safe; 1% risk of failure)
Confirm with . or Enter, or press ? or * to list all spells.
Aiming: Stone Arrow (safe; 1% risk of failure)
Press: ? - help, Shift-Dir - straight line, f/p - death yak
Aim: a death yak (heavily wounded, 92% to hit)
The stone arrow hits the death yak!
The death yak is severely wounded.
The death yak gores you!
You climb upwards.
There is a stone staircase leading down here.
The blast of sand hits the death yak.
The death yak is severely wounded.
The death yak gores you! The death yak closely misses you.
The blast of sand hits the death yak.
The death yak is severely wounded.
The death yak gores you!
You are too injured to fight recklessly!
Aiming: Sandblast (safe; 1% risk of failure)
Press: ? - help, Q - select action, (/) - cycle Shift-Dir - straight line, f/p - death yak
Aim: a death yak (severely wounded, 95% to hit)
The blast of sand hits the death yak.
The death yak is severely wounded.
The death yak gores you!!
* * * LOW HITPOINT WARNING * * *
The death yak gores you!!
You die...

#.......#.................<#####.
###..#####......#.#.#.#.#...# ##
##.# ##.....#.#.#.#.##.## # #.#
##...############# #.# ##'## #.#
#.# #.# #.# #.# #.# #.#
#.########.###### #.#
#...).......Y@..# #.#
#.####.......##.# #.# #.#
#..#...###.# #.#
#.####..##.####.#####.#
#.....................#
#######.#######.#######
#.#######.# #.........#
###########


You could see a death yak.

Vanquished Creatures
  2 death yaks (D:7)
  An unseen horror (D:7)
  A hornet (D:8)
  3 yaks (D:7)
  Eustachio (D:6)
  2 steam dragons (D:7)
  Menkaure (D:6)
  2 water moccasins (D:6)
  Pargi (D:4)
  A black bear (D:6)
  3 ice beasts (D:7)
  3 ogres
  A sky beast (D:7)
  3 phantoms
  2 centaurs
  A bullfrog (D:7)
  7 scorpions
  3 killer bees (D:7)
  2 howler monkeys
  4 jellies
  A hound (D:7)
  2 sleepcaps
  An iguana (D:6)
  Natasha (thrice) (D:3)
  3 orc wizards (D:7)
  11 gnolls
  5 adders
  A shadow imp (D:6)
  2 white imps
  2 ufetubi
  A worm (D:2)
  5 dart slugs
  13 orcs
  5 bats
  3 endoplasms
  5 giant cockroaches
  7 goblins
  3 hobgoblins
  4 jackals (D:1)
  5 quokkas
  9 ball pythons
  2 frilled lizards (D:1)
  9 kobolds
  3 rats
149 creatures vanquished.

Notes
Turn   | Place    | Note
-------+----------+-------------------------------------------
     0 | D:1      | MacCMillion the Gargoyle Earth Elementalist began the quest
                  | for the Orb.
     0 | D:1      | Reached XP level 1. HP: 10/10 MP: 3/3
   447 | D:1      | Reached XP level 2. HP: 15/15 MP: 1/5
   826 | D:1      | Found a faded altar of an unknown god.
   953 | D:1      | Reached XP level 3. HP: 19/19 MP: 3/6
  1016 | D:1      | Learned a level 3 spell: Stone Arrow
  1112 | D:1      | Reached skill level 5 in Earth Magic
  1451 | D:2      | Found a runed translucent door.
  1452 | D:2      | Noticed Crazy Yiuf
  1477 | D:2      | Noticed Sigmund
  1573 | D:2      | Reached skill level 1 in Conjurations
  1773 | D:2      | Reached XP level 4. HP: 24/24 MP: 5/7
  1874 | D:2      | Reached skill level 2 in Conjurations
  1900 | D:3      | Noticed Natasha
  1944 | D:3      | Killed Natasha
  2091 | D:3      | Identified the amulet of Grontol {Spirit Fly rC+ Int-2
                  | Dex+7}
  2129 | D:3      | Noticed Natasha
  2136 | D:3      | Killed Natasha
  2137 | D:3      | Reached XP level 5. HP: 28/28 MP: 3/8
  2178 | D:3      | Noticed Natasha
  2182 | D:3      | Killed Natasha
  2211 | D:3      | Reached skill level 3 in Conjurations
  2354 | D:3      | Identified the ring "Umeageni" {+Blink rPois rN++ Int+6
                  | Slay-6}
  2922 | D:4      | Found a transporter.
  2944 | D:4      | Reached XP level 6. HP: 32/32 MP: 3/9
  3014 | D:4      | Reached skill level 4 in Conjurations
  3143 | D:4      | Noticed Pargi
  3150 | D:4      | Killed Pargi
  3151 | D:4      | Reached XP level 7. HP: 29/36 MP: 6/11
  3432 | D:4      | Found a transporter.
  3437 | D:4      | Noticed Gandelf's ghost (amateur SpCj)
  3599 | D:5      | Entered Level 5 of the Dungeon
  3726 | D:5      | Reached skill level 5 in Conjurations
  3741 | D:5      | Identified the ring "Jeiss" {rF- rN++ Will+ rCorr Dex+3}
  3823 | D:5      | Found a burning altar of Makhleb.
  3823 | D:5      | Found a sparkling altar of Nemelex Xobeh.
  3887 | D:5      | Reached skill level 1 in Fire Magic
  3893 | D:5      | Learned a level 5 spell: Fireball
  4224 | D:5      | Reached XP level 8. HP: 41/41 MP: 12/14
  4265 | D:5      | Found a staircase to the Ecumenical Temple.
  4274 | Temple   | Entered the Ecumenical Temple
  4282 | Temple   | Became a worshipper of Vehumet
  4618 | D:5      | Found an ancient bone altar of Kikubaaqudgha.
  5198 | D:6      | Reached skill level 5 in Fire Magic
  5529 | D:6      | Noticed Eustachio
  5573 | D:6      | Killed Eustachio
  6012 | D:6      | Reached XP level 9. HP: 45/45 MP: 13/15
  6299 | D:6      | Noticed Menkaure
  6303 | D:6      | Killed Menkaure
  6304 | D:6      | Reached skill level 1 in Fighting
  6508 | D:7      | Noticed an unseen horror
  6512 | D:7      | Killed an unseen horror
  6513 | D:7      | Reached skill level 6 in Conjurations
  6612 | D:7      | Found an ornate altar of the Wu Jian Council.
  6749 | D:7      | Reached * piety under Vehumet
  6749 | D:7      | Offered knowledge of Kiss of Death by Vehumet.
  6865 | D:7      | Found a glowing silver altar of Zin.
  6990 | D:7      | Reached skill level 7 in Conjurations
  7210 | D:7      | Found a large runed translucent door.
  7211 | D:7      | Found a large runed translucent door.
  7718 | D:7      | Found a snail-covered altar of Cheibriados.
  7734 | D:7      | Found a hazy altar of Hepliaklqana.
  7738 | D:7      | Reached XP level 10. HP: 56/56 MP: 12/16
  7782 | D:8      | Noticed a death yak
  7782 | D:8      | Noticed a death yak
  7782 | D:8      | Found a staircase to the Lair.
  7783 | D:8      | Noticed a death yak
  7795 | D:7      | Killed a death yak
  7796 | D:7      | Reached skill level 8 in Conjurations
  8342 | D:7      | Found a glowing silver altar of Zin.
  8440 | D:7      | Found an ornate altar of the Wu Jian Council.
  9064 | D:7      | Found a hazy altar of Hepliaklqana.
  9067 | D:7      | Found a snail-covered altar of Cheibriados.
  9246 | D:8      | Reached skill level 5 in Fighting
  9246 | D:8      | Reached skill level 9 in Conjurations
  9694 | D:7      | Killed a death yak
 10277 | D:7      | Demolished by a death yak

Illustrated notes

Levels and vault maps discovered:
D:1:      grunt_arrival_crossed_arrows, layout_basic,
          hellmonk_ecumenical_altar_inner_sanctum
D:2:      layout_loops_cross, uniq_crazy_yiuf_cottage, uniq_sigmund
D:3:      layout_rooms, minmay_pentomino_pile, uniq_natasha
D:4:      layout_basic, gammafunk_ghost_mausoleum, uniq_pargi
D:5:      layout_gridville, overflow_temple_1_default,
          nicolae_overflow_two_pavilions, minmay_temple_entry_slanted
D:6:      layout_layer_cave, eino_tiny_chamber, kennysheep_generic_room_2,
          uniq_eustachio, uniq_menkaure
D:7:      layout_loops_corners, kennysheep_mini_moat, jmf_multi_god_temple2,
          minmay_misc_feat_hallway, kennysheep_diamond
D:8:      layout_rooms, dpeg_lair_monsters
Temple:   nicolae_temple_x_marks_the_god

Skill      XL: |  1  2  3  4  5  6  7  8  9 10 |
---------------+-------------------------------+-----
Earth Magic    | 4 5 6 7 |  7.2
Conjurations   | 1 2 3 4 5 7 9 |  9.6
Spellcasting   | 3 4 |  4.0
Fire Magic     | 3 7 8 |  8.0
Fighting       | 4 5 |  5.5
Dodging        | 3 4 |  4.6
Stealth        | |  2.1
Transmutations | |  0.7

Action                     |  1- 3 |  4- 6 |  7- 9 | 10-12 || total
---------------------------+-------+-------+-------+-------++-------
  Melee: Dagger            |     1 |       |       |       ||     1
   Fire: Sling             |    25 |    38 |    45 |     9 ||   117
   Cast: Sandblast         |    53 |    47 |   108 |    36 ||   244
         Stone Arrow       |       |       |     8 |    14 ||    22
    Use: Scroll            |       |       |       |    14 ||    14
 Armour: Robe              |     6 |       |       |       ||     6
         Leather armour    |       |     3 |    24 |    11 ||    38
  Dodge: Dodged            |    11 |    12 |    31 |    19 ||    73

Table legend: (Time is in decaauts)
 A = Elapsed time spent in this place.
 B = Non-inter-level travel time spent in this place.
 C = Inter-level travel time spent in this place.
 D = Time resting spent in this place.
 E = Time spent auto-exploring this place.
 F = Levels seen in this place.
 G = Mean time per level.
                   A        B        C        D        E       F      G
               +--------+--------+--------+--------+--------+-----+--------+
         Total |  10452 |   9884 |    568 |   2399 |   6092 |   9 | 1161.3 |
       Dungeon |  10435 |   9874 |    561 |   2399 |   6092 |   8 | 1304.4 |
        Temple |     16 |      9 |      7 |      0 |      0 |   1 |   16.0 |
               +--------+--------+--------+--------+--------+-----+--------+

Top non-repeatable levels by time:
     D:7: 3834 daAuts
     D:6: 1600 daAuts
     D:1: 1411 daAuts
     D:5: 1250 daAuts
     D:3: 930 daAuts
     D:4: 811 daAuts
     D:2: 525 daAuts
     D:8: 71 daAuts
  Temple: 16 daAuts
